AoeStats
← tjmsky

Arabia

506616126Analyzed
1v1 RM · 18d ago on Sep 14, 2026· 18m 32s· 2 players
Game mode
Random Map
Map size
Tiny (2 player)
Population
200
Speed
Normal
Resources
Standard
Victory
Conquest
Starting age
Dark Age
Ending age
Imperial Age
RankedLock teamsTeams togetherTeam positionsShared explorationLock speedFull tech treeHidden civsTurbo modeCheats
Victory
Defeat
🇭🇰 Slavs · Hong Kong SAR China
1007
+29
🇺🇸 Poles · United States
988
-15
Gramps
7:40 Loom
9:43 Feudal Age
12:08 Double-Bit Axe
tjmsky
7:47 Loom
10:08 Feudal Age
18:03 Wheelbarrow
18:09 Gold Mining
18:50 Padded Archer Armor
Connection lost

Rejoining the realm…

Still unreachable

The connection could not be restored.

Session expired

The server has moved on; the page needs a fresh start.